NCAA
MINNESOTA GOLDEN GOPHERS @ CONNECTICUT HUSKIES
04/27/2026
 
TOP OF THE 1ST
Minnesota Golden Gophers batting - Pitching for Connecticut Huskies : RHP Scott King
Pitching: RHP Scott King
Batting: SHB Sean Brown 0-0: Ground out 4-3 (Groundball, 34)
Batting: RHB Tim Glendonwyn 0-0: SOLO HOME RUN (Flyball, 7D), Distance : 364 ft
Batting: LHB Ralph Cobb 0-0: Foul Ball, location: 2F
0-1: Ball
1-1: Swinging Strike
1-2: Fly out, F9 (Flyball, 89M)
Batting: RHB Julián Ramírez 0-0: Called Strike
0-1: Ball
1-1: Ball
2-1: Called Strike
2-2: Strikes out looking
Top of the 1st over - 1 run(s), 1 hit(s), 0 error(s), 0 left on base; Minnesota 1 - Connecticut 0
BOTTOM OF THE 1ST
Connecticut Huskies batting - Pitching for Minnesota Golden Gophers : RHP Aaron Moss
Pitching: RHP Aaron Moss
Batting: RHB Jake Osborn 0-0: Ball
1-0: Ball
2-0: Hit by Pitch
Batting: RHB Thomas Moore 0-0: Ball
1-0: Called Strike
1-1: Ball
2-1: Foul Ball, location: 2F
2-2: Ground out 6-3 (Groundball, 6M)
Jake Osborn to second
Batting: LHB Arthur MacDonald 0-0: Called Strike
0-1: Foul Ball, location: 2F
0-2: Foul Ball, location: 2F
0-2: Hit by Pitch
Batting: RHB Carlos Marino 0-0: Hit by Pitch
Jake Osborn to third
Arthur MacDonald to second
Batting: RHB Eric Black 0-0: Ball
1-0: Fly out, F5 (Line Drive, 5S)
1-0: Fly out, F5 (Line Drive, 5S)
Batting: SHB Dalton Rowe 0-0: Ball
1-0: Ball
2-0: Foul Ball, location: 2F
2-1: Ball
3-1: Base on Balls
Jake Osborn scores
Arthur MacDonald to third
Carlos Marino to second
Batting: RHB Terry Dalton 0-0: Ball
1-0: Swinging Strike
1-1: Ball
2-1: Ball
3-1: Base on Balls
Arthur MacDonald scores
Carlos Marino to third
Dalton Rowe to second
Batting: RHB Michael Cobb 0-0: Ball
1-0: Ball
2-0: Swinging Strike
2-1: Fly out, F8 (Flyball, 8RM)
Bottom of the 1st over - 2 run(s), 0 hit(s), 0 error(s), 3 left on base; Minnesota 1 - Connecticut 2
TOP OF THE 2ND
Minnesota Golden Gophers batting - Pitching for Connecticut Huskies : RHP Scott King
Batting: RHB Ronald Smith 0-0: Ball
1-0: Foul Ball, location: 2F
1-1: Swinging Strike
1-2: Foul Ball, location: 2F
1-2: Fly out, F8 (Line Drive, 8RM)
Batting: RHB Miguel Rodríguez 0-0: Foul Ball, location: 2F
0-1: Ball
1-1: Foul Ball, location: 2F
1-2: Ball
2-2: Strikes out swinging
Batting: RHB Christian Nash 0-0: Called Strike
0-1: Foul Ball, location: 2F
0-2: Ball
1-2: Ground out 6-3 (Groundball, 6M)
Top of the 2nd over - 0 run(s), 0 hit(s), 0 error(s), 0 left on base; Minnesota 1 - Connecticut 2
BOTTOM OF THE 2ND
Connecticut Huskies batting - Pitching for Minnesota Golden Gophers : RHP Aaron Moss
Batting: RHB Ed Gaston 0-0: Reached on error, E5 (Groundball, 56S)
Batting: RHB Jake Osborn 0-0: Ball
Ed Gaston is caught stealing 2nd base
1-0: Foul Ball, location: 2F
1-1: Ball
2-1: Foul Ball, location: 2F
2-2: Strikes out swinging
Batting: RHB Thomas Moore 0-0: Ball
1-0: Called Strike
1-1: Ball
2-1: SINGLE (Groundball, 56D)
Batting: LHB Arthur MacDonald 0-0: Called Strike
0-1: Ball
1-1: Foul Ball, location: 2F
1-2: Ball
Thomas Moore steals 2nd base
2-2: Ball
3-2: Strikes out swinging
Bottom of the 2nd over - 0 run(s), 1 hit(s), 1 error(s), 1 left on base; Minnesota 1 - Connecticut 2
TOP OF THE 3RD
Minnesota Golden Gophers batting - Pitching for Connecticut Huskies : RHP Scott King
Batting: LHB Tony Ayala 0-0: Ball
1-0: Called Strike
1-1: Swinging Strike
1-2: Ball
2-2: Ball
3-2: Strikes out looking
Batting: RHB William Elliott 0-0: Ball
1-0: Ground out 6-3 (Groundball, 6)
Batting: SHB Sean Brown 0-0: Called Strike
0-1: Foul Ball, location: 2F
0-2: Ball
1-2: Foul Ball, location: 2F
1-2: Strikes out swinging
Top of the 3rd over - 0 run(s), 0 hit(s), 0 error(s), 0 left on base; Minnesota 1 - Connecticut 2
BOTTOM OF THE 3RD
Connecticut Huskies batting - Pitching for Minnesota Golden Gophers : RHP Aaron Moss
Batting: RHB Carlos Marino 0-0: Ball
1-0: Ball
2-0: Foul Ball, location: 2F
2-1: Called Strike
2-2: Ball
3-2: Base on Balls
Batting: RHB Eric Black 0-0: Ball
1-0: Ball
2-0: Called Strike
2-1: Called Strike
2-2: Ball
3-2: Base on Balls
Carlos Marino to second
Batting: SHB Dalton Rowe 0-0: Swinging Strike
0-1: Called Strike
0-2: Ball
1-2: Grounds into double play, 6-4-3 (Groundball, 6)
Carlos Marino to third
Batting: RHB Terry Dalton 0-0: Called Strike
0-1: Called Strike
0-2: Strikes out looking
Bottom of the 3rd over - 0 run(s), 0 hit(s), 0 error(s), 1 left on base; Minnesota 1 - Connecticut 2
TOP OF THE 4TH
Minnesota Golden Gophers batting - Pitching for Connecticut Huskies : RHP Scott King
Batting: RHB Tim Glendonwyn 0-0: Foul Ball, location: 2F
0-1: Foul Ball, location: 2F
0-2: Strikes out swinging
Batting: LHB Ralph Cobb 0-0: Foul Ball, location: 2F
0-1: Called Strike
0-2: Ball
1-2: Strikes out swinging
Batting: RHB Julián Ramírez 0-0: Ball
1-0: Fly out, F7 (Flyball, 78M)
Top of the 4th over - 0 run(s), 0 hit(s), 0 error(s), 0 left on base; Minnesota 1 - Connecticut 2
BOTTOM OF THE 4TH
Connecticut Huskies batting - Pitching for Minnesota Golden Gophers : RHP Aaron Moss
Batting: RHB Michael Cobb 0-0: Ball
1-0: SINGLE (Groundball, 6MD)
Batting: RHB Ed Gaston 0-0: Foul Ball, location: 2F
0-1: Ball
1-1: Swinging Strike
1-2: Foul Ball, location: 2F
1-2: Ball
2-2: Ball
3-2: Strikes out swinging
Batting: RHB Jake Osborn 0-0: SINGLE (Flyball, 89S)
Michael Cobb to second
Throwing error, E9
Michael Cobb scores
Jake Osborn to second
Batting: RHB Thomas Moore 0-0: Called Strike
Jake Osborn steals 3rd base
0-1: Ball
1-1: Ball
2-1: Ground out 6-3 (Groundball, 6)
Batting: LHB Arthur MacDonald 0-0: Intentional Walk
Pitching: RHP Hoyt MacGregor
Batting: RHB Carlos Marino 0-0: Ball
1-0: Foul Ball, location: 2F
1-1: Called Strike
1-2: Ball
2-2: Ball
3-2: SINGLE (Line Drive, 78M)
Jake Osborn scores
Arthur MacDonald to second
Arthur MacDonald to third
Batting: RHB Eric Black 0-0: Ball
1-0: Ball
2-0: Ball
3-0: Base on Balls
Carlos Marino to second
Batting: SHB Dalton Rowe 0-0: Ball
1-0: Called Strike
1-1: Foul Ball, location: 2F
1-2: Ball
2-2: Ball
3-2: SINGLE (Groundball, 34D)
Arthur MacDonald scores
Carlos Marino to third
Eric Black to second
Carlos Marino scores
Eric Black to third
Batting: RHB Terry Dalton 0-0: Ball
Passed Ball!
Eric Black scores
Dalton Rowe to second
1-0: Swinging Strike
1-1: Called Strike
1-2: Strikes out swinging
Bottom of the 4th over - 5 run(s), 4 hit(s), 1 error(s), 1 left on base; Minnesota 1 - Connecticut 7
TOP OF THE 5TH
Minnesota Golden Gophers batting - Pitching for Connecticut Huskies : RHP Scott King
Batting: RHB Ronald Smith 0-0: Foul Ball, location: 2F
0-1: Ball
1-1: Ground out 6-3 (Groundball, 6)
Batting: RHB Miguel Rodríguez 0-0: Called Strike
0-1: Foul Ball, location: 2F
0-2: Ball
1-2: Strikes out swinging
Batting: RHB Christian Nash 0-0: Called Strike
0-1: Swinging Strike
0-2: Foul Ball, location: 2F
0-2: Ball
1-2: Ball
2-2: Strikes out swinging
Top of the 5th over - 0 run(s), 0 hit(s), 0 error(s), 0 left on base; Minnesota 1 - Connecticut 7
BOTTOM OF THE 5TH
Connecticut Huskies batting - Pitching for Minnesota Golden Gophers : RHP Hoyt MacGregor
Batting: RHB Michael Cobb 0-0: Foul Ball, location: 2F
0-1: Swinging Strike
0-2: Ball
1-2: SINGLE (Line Drive, 6MD)
Batting: RHB Ed Gaston 0-0: Called Strike
0-1: Foul Ball, location: 2F
0-2: Ball
1-2: Ball
2-2: Foul Ball, location: 2F
2-2: Foul Ball, location: 2F
2-2: Strikes out swinging
Batting: RHB Jake Osborn 0-0: Ball
1-0: Ball
Wild Pitch!
Michael Cobb to second
2-0: Swinging Strike
2-1: Ball
3-1: SINGLE (Groundball, 6D)
Michael Cobb to third
Batting: RHB Thomas Moore 0-0: Called Strike
0-1: DOUBLE (Flyball, 8RM)
Michael Cobb scores
Jake Osborn to third
Runner from 3rd tries for Home, throw and OUT!
Thomas Moore to third
Batting: LHB Arthur MacDonald 0-0: Fly out, F9 (Line Drive, 9M)
Bottom of the 5th over - 1 run(s), 3 hit(s), 0 error(s), 1 left on base; Minnesota 1 - Connecticut 8
TOP OF THE 6TH
Minnesota Golden Gophers batting - Pitching for Connecticut Huskies : RHP Scott King
Batting: LHB Tony Ayala 0-0: Ball
1-0: Ball
2-0: Ball
3-0: Called Strike
3-1: Foul Ball, location: 2F
3-2: Fly out, F4 (Line Drive, 4)
Batting: RHB William Elliott 0-0: Fly out, F8 (Flyball, 8RM)
Batting: SHB Sean Brown 0-0: Fly out, F8 (Flyball, 8LM)
Top of the 6th over - 0 run(s), 0 hit(s), 0 error(s), 0 left on base; Minnesota 1 - Connecticut 8
BOTTOM OF THE 6TH
Connecticut Huskies batting - Pitching for Minnesota Golden Gophers : RHP Hoyt MacGregor
Pitching: RHP Craig Mills
Batting: RHB Carlos Marino 0-0: Called Strike
0-1: Swinging Strike
0-2: Ball
1-2: Ball
2-2: Ball
3-2: Foul Ball, location: 2F
3-2: Foul Ball, location: 2F
3-2: Foul Ball, location: 2F
3-2: Foul Ball, location: 2F
3-2: Ground out 6-3 (Groundball, 6)
Batting: RHB Eric Black 0-0: Called Strike
0-1: Ball
1-1: Foul Ball, location: 2F
1-2: Ground out 6-3 (Groundball, 6)
Batting: SHB Dalton Rowe 0-0: Ball
1-0: Swinging Strike
1-1: Ball
2-1: Ball
3-1: Base on Balls
Batting: RHB Terry Dalton 0-0: Called Strike
0-1: Called Strike
0-2: Fly out, F6 (Line Drive, 6)
Bottom of the 6th over - 0 run(s), 0 hit(s), 0 error(s), 1 left on base; Minnesota 1 - Connecticut 8
TOP OF THE 7TH
Minnesota Golden Gophers batting - Pitching for Connecticut Huskies : RHP Scott King
Batting: RHB Tim Glendonwyn 0-0: Ball
1-0: Foul Ball, location: 2F
1-1: Foul Ball, location: 2F
1-2: Strikes out swinging
Batting: LHB Ralph Cobb 0-0: Ball
1-0: Fly out, F9 (Flyball, 89D)
Batting: RHB Julián Ramírez 0-0: Ball
1-0: Foul Ball, location: 2F
1-1: Called Strike
1-2: Strikes out swinging
Top of the 7th over - 0 run(s), 0 hit(s), 0 error(s), 0 left on base; Minnesota 1 - Connecticut 8
BOTTOM OF THE 7TH
Connecticut Huskies batting - Pitching for Minnesota Golden Gophers : RHP Craig Mills
Batting: RHB Michael Cobb 0-0: Swinging Strike
0-1: Ball
1-1: Called Strike
1-2: Foul Ball, location: 2F
1-2: Foul Ball, location: 2F
1-2: Strikes out swinging
Batting: RHB Ed Gaston 0-0: Ball
1-0: Ball
2-0: SINGLE (Line Drive, 4MD)
Batting: RHB Jake Osborn 0-0: Called Strike
0-1: Ball
1-1: Ball
2-1: Ball
3-1: Foul Ball, location: 2F
3-2: Strikes out swinging
Batting: RHB Thomas Moore 0-0: Fielders Choice at 2nd, 6-4 (Groundball, 6)
Bottom of the 7th over - 0 run(s), 1 hit(s), 0 error(s), 0 left on base; Minnesota 1 - Connecticut 8
TOP OF THE 8TH
Minnesota Golden Gophers batting - Pitching for Connecticut Huskies : RHP Scott King
Batting: RHB Ronald Smith 0-0: Ball
1-0: Called Strike
1-1: Called Strike
1-2: Ball
2-2: Strikes out swinging
Pitching: RHP Broderick Hallamore
Batting: RHB Miguel Rodríguez 0-0: Ball
1-0: Swinging Strike
1-1: Foul Ball, location: 2F
1-2: Ball
2-2: DOUBLE (Flyball, 7M)
Batting: RHB Christian Nash 0-0: Called Strike
0-1: Ground out 5-3 (Groundball, 5S)
Miguel Rodríguez to third
Batting: LHB Tony Ayala 0-0: Ball
1-0: Swinging Strike
1-1: Ball
2-1: Ground out 4-3 (Groundball, 34)
Top of the 8th over - 0 run(s), 1 hit(s), 0 error(s), 1 left on base; Minnesota 1 - Connecticut 8
BOTTOM OF THE 8TH
Connecticut Huskies batting - Pitching for Minnesota Golden Gophers : RHP Craig Mills
Pitching: RHP Justin Anderson
Batting: LHB Arthur MacDonald 0-0: SINGLE (Line Drive, 4MD)
Batting: RHB Carlos Marino 0-0: Foul Ball, location: 2F
0-1: Fly out, F9 (Flyball, 89M)
Batting: RHB Eric Black 0-0: Called Strike
Arthur MacDonald is caught stealing 2nd base
0-1: Fly out, F5 (Popup, 5F)
Bottom of the 8th over - 0 run(s), 1 hit(s), 0 error(s), 0 left on base; Minnesota 1 - Connecticut 8
TOP OF THE 9TH
Minnesota Golden Gophers batting - Pitching for Connecticut Huskies : RHP Broderick Hallamore
Now at C: Joe Wright
Batting: RHB William Elliott 0-0: Fly out, F3 (Popup, 3S)
Batting: SHB Sean Brown 0-0: Swinging Strike
0-1: Called Strike
0-2: Ball
1-2: Ball
2-2: Strikes out swinging
Batting: RHB Tim Glendonwyn 0-0: Ball
1-0: Ball
2-0: Ball
3-0: Base on Balls
Batting: LHB Ralph Cobb 0-0: Ball
1-0: Ball
2-0: Fly out, F8 (Flyball, 8LD)
Top of the 9th over - 0 run(s), 0 hit(s), 0 error(s), 1 left on base; Minnesota 1 - Connecticut 8
Monday, December 5th, 2016 - OOTP Baseball 17.12 Build 75